 Dungeon Crawl Stone Soup version 0.31-a0-986-g5e6e4ef867 (webtiles) character file.

Game seed: 4492386589300222165

95 RepHenryClay the Digger (level 4, -2/24 HPs)
             Began as a Deep Elf Earth Elementalist on Nov 23, 2023.
             Slain by a goblin
             ... wielding a +0 club
              (4 damage)
             ... on level 3 of the Dungeon.
             The game lasted 00:02:43 (2090 turns).

RepHenryClay the Digger (DEEE)                      Turns: 2090, Time: 00:02:44

Health: -2/24      AC:  5    Str:  5    XL:     4   Next: 39%
Magic:  9/10       EV: 12    Int: 22    God:
Gold:   150        SH:  0    Dex: 15    Spells: 5/9 levels left

rFire   . . .        h - +0 hand axe (elec)
rCold   . . .        (no shield)
rNeg    . . .        a - +0 robe
rPois   .            (no helmet)
rElec   .            j - +2 cloak
rCorr   +            (no gloves)
SInv    .            (no boots)
Will    .....        (no amulet)
Stlth   ++           g - ring of resist corrosion
HPRegen 0.24/turn    (no ring)
MPRegen 0.12/turn

%: no passive effects
@: no status effects
A: no striking features
a: no special abilities


You were on level 3 of the Dungeon.
You visited 1 branch of the dungeon, and saw 3 of its levels.

You collected 150 gold pieces.

Inventory:

Hand Weapons
 h - a +0 hand axe of electrocution (weapon)
Armour
 a - a +0 robe (worn)
 i - a +0 pair of boots
 j - a +2 cloak (worn)
Magical Staves
 f - a staff of conjuration
Jewellery
 g - a ring of resist corrosion (left hand)
 l - an amulet of faith
Scrolls
 c - a scroll of teleportation {unknown}
 e - 4 scrolls of identify {unknown}
Potions
 b - a potion of magic
 d - 2 potions of curing {unknown}
 k - a potion of invisibility {unknown}


   Skills:
 - Level 2.4 Dodging
 - Level 2.4 Stealth
 - Level 3.0 Spellcasting
 + Level 3.0 Conjurations
 - Level 1.1 Transmutations
 - Level 4.7 Earth Magic


You had 5 spell levels left.
You knew the following spells:

 Your Spells              Type           Power      Damage    Failure   Level
a - Sandblast             Erth           48%        2d12      1%          1
b - Stone Arrow           Conj/Erth      40%        3d9       8%          3

Your spell library contained the following spells:

 Spells                   Type           Power      Damage    Failure   Level
 Passwall                 Tmut/Erth      13%        N/A       5%          2
 Brom's Barrelling Bould  Conj/Erth      20%        2d4       26%         4
 Petrify                  Tmut/Erth      16%        N/A       36%         4


Dungeon Overview and Level Annotations

Branches:
Dungeon (3/15)

Altars:

Annotations:
D:2 1 runed translucent door, Crazy Yiuf


Message History

The gnoll shouts! x2; You hear a shout!
Casting: Sandblast (safe; 1% risk of failure)
Confirm with . or Enter, or press ? or * to list all spells.
Aiming: Sandblast (safe; 1% risk of failure)
Press: ? - help, Shift-Dir - straight line, f - gnoll
Aim: a gnoll, wielding a +0 flail (85% to hit)
The blast of sand hits the gnoll!
The gnoll is almost dead.
The gnoll shouts!
You hear a shout!
The gnoll throws a throwing net.
The throwing net closely misses you.
A goblin comes into view. It is wielding a +0 club.
Casting: Sandblast (safe; 1% risk of failure)
Confirm with . or Enter, or press ? or * to list all spells.
Aiming: Sandblast (safe; 1% risk of failure)
Press: ? - help, Shift-Dir - straight line, f/p - gnoll
Aim: a gnoll, wielding a +0 flail (almost dead, 85% to hit)
The blast of sand hits the gnoll!
You kill the gnoll!
Your Conjurations skill increases to level 3!
The gnoll throws a throwing net.
The throwing net hits you.
You become entangled in the net!
You see here a throwing net.
You struggle against the net.
You struggle against the net.
You struggle against the net.
The gnoll barely misses you.
You struggle against the net.
The gnoll hits you with a +2 flail of protection.
The gnoll hits you with a +0 whip! The gnoll hits you with a +0 flail.
* * * LOW HITPOINT WARNING * * *
Huge Dmg: -66%(-16hp) hp: 34%(8hp) Welcome back, RepHenryClay the Deep Elf Earth Elementalist.
Press ? for a list of commands and other information.
Okay, then.
You rip the net and break free!
The gnoll hits you with a +2 flail of protection.
* * * LOW HITPOINT WARNING * * *
The gnoll hits you with a +0 whip.
* * * LOW HITPOINT WARNING * * *
The goblin hits you with a +0 club.
You die...

.........# #.# ...
........# #.# ......
#......# #.# ......
#......######.# ......
#.............#
......##......########
..............#
..............#
.......g@(....#
.....).ggg....#
.........##.###
.........##.#
..........#.#
............#
<...$........
###........##
#####.....


You could see 3 gnolls and a goblin.

Vanquished Creatures
  Robin (D:2)
  A gnoll (D:3)
  2 adders (D:2)
  3 worms (D:2)
  2 dart slugs
  2 endoplasms
  A giant cockroach (D:1)
  5 hobgoblins
  4 jackals (D:3)
  2 quokkas
  3 ball pythons
  3 bats
  4 frilled lizards
  8 goblins
  A kobold (D:2)
  2 rats (D:1)
44 creatures vanquished.

Notes
Turn   | Place    | Note
-------+----------+-------------------------------------------
     0 | D:1      | RepHenryClay the Deep Elf Earth Elementalist began the
                  | quest for the Orb.
     0 | D:1      | Reached XP level 1. HP: 10/10 MP: 6/6
   411 | D:1      | Reached XP level 2. HP: 15/15 MP: 4/8
   585 | D:1      | Reached skill level 4 in Earth Magic
  1122 | D:2      | Reached XP level 3. HP: 19/19 MP: 6/9
  1126 | D:2      | Learned a level 3 spell: Stone Arrow
  1205 | D:2      | Reached skill level 1 in Conjurations
  1434 | D:2      | Found a runed translucent door.
  1435 | D:2      | Noticed Crazy Yiuf
  1468 | D:2      | Noticed Robin
  1485 | D:2      | Killed Robin
  1486 | D:2      | Reached XP level 4. HP: 24/24 MP: 3/10
  2090 | D:3      | Slain by a goblin

Illustrated notes

Levels and vault maps discovered:
D:1:      spicycebolla_green_bress_n_ham_2, layout_basic, minivault_14
D:2:      layout_loops_ring, st_stairs_4, uniq_robin, uniq_crazy_yiuf_cottage
D:3:      minmay_razor_zed, layout_basic, mainiacjoe_overflow_tiny_flanked

Skill      XL: |  1  2  3  4 |
---------------+-------------+-----
Earth Magic    | 4 |  4.7
Conjurations   | 2 3 |  3.0
Dodging        | |  2.4
Stealth        | |  2.4
Spellcasting   | |  3.0
Transmutations | |  1.1

Action                     |  1- 3 |  4- 6 || total
---------------------------+-------+-------++-------
  Melee: Hand axe          |     7 |       ||     7
   Cast: Sandblast         |    43 |    21 ||    64
         Stone Arrow       |     1 |       ||     1
   Stab: Sleeping          |     1 |       ||     1
 Armour: Robe              |    16 |    16 ||    32
  Dodge: Dodged            |    17 |    14 ||    31

Table legend: (Time is in decaauts)
 A = Elapsed time spent in this place.
 B = Non-inter-level travel time spent in this place.
 C = Inter-level travel time spent in this place.
 D = Time resting spent in this place.
 E = Time spent auto-exploring this place.
 F = Levels seen in this place.
 G = Mean time per level.
                   A        B        C        D        E       F      G
               +--------+--------+--------+--------+--------+-----+--------+
         Total |   2125 |   2054 |     71 |     56 |   1737 |   3 |  708.3 |
       Dungeon |   2125 |   2054 |     71 |     56 |   1737 |   3 |  708.3 |
               +--------+--------+--------+--------+--------+-----+--------+

Top non-repeatable levels by time:
     D:2: 1057 daAuts
     D:1: 947 daAuts
     D:3: 120 daAuts
